 Dungeon Crawl Stone Soup version 0.31-a0-851-g7ff8af7976 (webtiles) character file.

Game seed: 11084439620885619769

2286 hikkokomori the Thaumaturge (level 9, -6/54 HPs)
             Began as a Deep Elf Conjurer on Oct 6, 2023.
             Was a Believer of Vehumet.
             Killed by divine providence
             ... invoked by an orc priest
              (12 damage)
             ... on level 9 of the Dungeon.
             The game lasted 00:10:46 (6888 turns).

hikkokomori the Thaumaturge (Deep Elf Conjurer)     Turns: 6888, Time: 00:10:47

Health: -6/54      AC:  6    Str:  4    XL:     9   Next: 17%
Magic:  9/32       EV: 12    Int: 26    God:    Vehumet [**....]
Gold:   588        SH:  0    Dex: 15    Spells: 18/25 levels left

rFire   . . .        x - +1 dagger
rCold   . . .        (no shield)
rNeg    . . .        a - +0 robe
rPois   +            n - +1 helmet
rElec   .            (no cloak)
rCorr   .            w - +1 pair of gloves
SInv    .            (no boots)
Will    .....        (no amulet)
Stlth   ++           m - ring of magical power
HPRegen 0.29/turn    f - ring of poison resistance
MPRegen 0.23/turn

%: no passive effects
@: no status effects
A: hooves 1, wild magic 1
a: Renounce Religion


You were on level 9 of the Dungeon.
You worshipped Vehumet.
Vehumet was pleased with you.
You visited 2 branches of the dungeon, and saw 8 of its levels.
You also visited: Ossuary.

You collected 588 gold pieces.

Inventory:

Hand Weapons
 h - a +3 heavy scimitar
 x - a +1 dagger (weapon)
 F - a +4 dagger
Armour
 a - a +0 robe (worn)
 n - a +1 helmet (worn)
 w - a +1 pair of gloves (worn)
 A - a +0 troll leather armour
Jewellery
 f - a ring of poison resistance (right hand)
 m - a ring of magical power (left hand)
 t - a ring of positive energy
 C - a +4 ring of slaying
Wands
 u - a wand of polymorph (7)
 y - a wand of roots (4)
 E - a wand of mindburst (10)
Scrolls
 k - 3 scrolls of teleportation
 r - a scroll of enchant weapon
 B - a scroll of fog
 D - a scroll of poison
Potions
 b - 8 potions of curing
 c - 2 potions of resistance
 d - 3 potions of mutation
 e - a potion of ambrosia {unknown}
 g - 2 potions of attraction {unknown}
 i - a potion of haste
 j - 2 potions of heal wounds {unknown}
 l - 2 potions of might {unknown}
 o - a potion of berserk rage
 p - 3 potions of brilliance
 q - 3 potions of degeneration
 s - 2 potions of invisibility {unknown}
 v - 2 potions of enlightenment {unknown}
 z - a potion of magic


   Skills:
 + Level 5.1 Fighting
 - Level 2.4 Dodging
 - Level 2.4 Stealth
 + Level 8.7 Spellcasting
 + Level 8.2 Conjurations
 + Level 7.1 Hexes


You had 18 spell levels left.
You knew the following spells:

 Your Spells              Type           Power      Damage    Failure   Level
a - Magic Dart            Conj           100%       1d8       1%          1
b - Searing Ray           Conj           100%       2d8       1%          2
c - Fulminant Prism       Conj/Hex       30%        3d16      4%          4

Your spell library contained the following spells:

 Spells                   Type           Power      Damage    Failure   Level
 Poisonous Vapours        Pois/Air       28%        N/A       12%         2
 Dazzling Flash           Conj/Hex       100%       N/A       1%          3
 Iskenderun's Mystic Bla  Conj/Tloc      42%        2d10      14%         4


Dungeon Overview and Level Annotations

Branches:
Dungeon (6/15)             Temple (1/1) D:4         Ossuary (visited)

Altars:
Ashenzari
Dithmenos
Gozag
Hepliaklqana
Kikubaaqudgha
Makhleb
Ru
Trog
Vehumet
Wu Jian
Xom
Yredelemnul
The Shining One

Shops:
D:4 *

Annotations:
D:3 1 runed translucent door, Crazy Yiuf


Innate Abilities, Weirdness & Mutations

You have large cloven feet.
Your spells are a little harder to cast, but a little more powerful.


Message History

Things that are here:
a +0 club; 5 poisoned darts; a kobold corpse
Items here: ( )) †.
Casting: Fulminant Prism (dangerous; 4% risk of failure)
Confirm with . or Enter, or press ? or * to list all spells.
Aiming: Fulminant Prism (dangerous; 4% risk of failure)
Press: ? - help, Dir - move target You conjure a prism of explosive energy!
A fulminant prism comes into view.
You hit the orc priest.
The orc priest is lightly wounded.
Your fulminant prism crackles loudly.
The orc priest hits you with a +0 club.
* * * LOW HITPOINT WARNING * * *
Unknown command.
Unknown command.
You hit the orc priest but do no damage.
You kick the orc priest, but do no damage.
The orc priest is lightly wounded.
Your fulminant prism explodes!
The blast of energy engulfs the orc priest!!
You kill the orc priest!
Vehumet accepts your kill.
You hear a shout!
Unknown command.
Things that are here:
a +0 club; a +0 short sword; an orc corpse An orc and 2 orc priests come into view.
The orc priest shouts!
The orc shouts!
There is an open door here.
Items here: ( ))) †.
The orc throws a boomerang.
The boomerang misses you.
Items here: ( )) ††.
The orc priest calls down the wrath of Beogh upon you.
Beogh smites you!
* * * LOW HITPOINT WARNING * * *
The orc throws a boomerang.
The boomerang barely misses you.
The orc priest calls down the wrath of Beogh upon you.
Beogh smites you!
You die...

.[...... ## # ...... ... #
#.... .... #
#...#########.... #.......
#.o.#............ #......
#..)#............ #.....
#o.)o)))...# #....#
#...#......# #....#
#@###......# #....#
#....##.#........# #....#
#....#..###......# #....#
#....#....#......# #....#
#....#....#......#
#....#####....#....#........
#.............#....######+#+#
#.............#.........
#.............'.........


You could see 2 orc priests and an orc.

Vanquished Creatures
  A troll (D:9)
  Eustachio (D:5)
  3 yaks (D:9)
  An orc warrior (D:9)
  2 centaurs (D:9)
  A phantom (D:5)
  2 kobold brigands (D:9)
  A bullfrog (D:5)
  2 scorpions
  A howler monkey (D:5)
  A quasit (D:5)
  4 orc priests
  3 hounds
  A jelly (D:6)
  2 iguanas
  6 orc wizards
  8 mummies (Ossuary)
  3 gnolls (D:4)
  3 adders (D:2)
  3 shadow imps (D:5)
  2 white imps (D:5)
  2 ufetubi (D:5)
  3 worms
  5 dart slugs
  13 orcs
  3 bats
  5 endoplasms
  6 giant cockroaches
  9 goblins
  3 hobgoblins
  4 jackals
  3 quokkas
  9 ball pythons
  4 frilled lizards
  2 gnoll zombies (Ossuary)
  A hobgoblin zombie (Ossuary)
  21 kobolds
  4 kobold zombies (Ossuary)
  An orc zombie (Ossuary)
  9 rats
  A fulminant prism (D:9)
159 creatures vanquished.

Vanquished Creatures (others)
  21 fulminant prisms
21 creatures vanquished.

Grand Total: 180 creatures vanquished

Notes
Turn   | Place    | Note
-------+----------+-------------------------------------------
     0 | D:1      | hikkokomori the Deep Elf Conjurer began the quest for the
                  | Orb.
     0 | D:1      | Reached XP level 1. HP: 10/10 MP: 6/6
   270 | D:1      | Reached XP level 2. HP: 16/16 MP: 0/8
   732 | D:1      | Reached skill level 1 in Fighting
   867 | D:1      | Reached XP level 3. HP: 20/20 MP: 8/10
  1404 | D:2      | Reached skill level 5 in Conjurations
  1512 | D:2      | Reached XP level 4. HP: 25/25 MP: 12/12
  2103 | D:3      | Noticed a scorpion
  2110 | D:3      | Killed a scorpion
  2111 | D:3      | Reached XP level 5. HP: 30/30 MP: 14/14
  2114 | D:3      | Learned a level 2 spell: Searing Ray
  2119 | D:3      | Learned a level 4 spell: Fulminant Prism
  2984 | D:3      | Found a runed translucent door.
  2985 | D:3      | Noticed Crazy Yiuf
  3373 | D:4      | Reached skill level 1 in Hexes
  3374 | D:4      | Gained mutation: You have large cloven feet. [potion of
                  | mutation]
  3374 | D:4      | Gained mutation: Your spells are a little harder to cast,
                  | but a little more powerful. [potion of mutation]
  3382 | D:4      | Reached skill level 5 in Spellcasting
  3500 | D:4      | Found Veymaall's Neck Hole.
  3643 | D:4      | Found a staircase to the Ecumenical Temple.
  3675 | D:4      | Found a sand-covered staircase.
  3686 | Ossuary  | Entered an ossuary
  3702 | Ossuary  | Reached XP level 6. HP: 15/36 MP: 9/15
  4908 | Temple   | Entered the Ecumenical Temple
  4917 | Temple   | Became a worshipper of Vehumet
  4944 | D:5      | Entered Level 5 of the Dungeon
  5134 | D:5      | Reached XP level 7. HP: 41/41 MP: 17/17
  5684 | D:5      | Found an ornate altar of the Wu Jian Council.
  5695 | D:5      | Noticed Eustachio
  5703 | D:5      | Killed Eustachio
  5901 | D:5      | Reached XP level 8. HP: 48/48 MP: 20/20
  6200 | D:6      | Reached skill level 5 in Hexes
  6224 | D:6      | Reached * piety under Vehumet
  6224 | D:6      | Offered knowledge of Kiss of Death by Vehumet.
  6318 | D:6      | Found a shimmering altar of Xom.
  6338 | D:6      | You fall into a shaft and drop 3 floors!
  6575 | D:9      | Noticed a troll
  6581 | D:9      | Killed a troll
  6764 | D:9      | Reached XP level 9. HP: 32/53 MP: 21/23
  6875 | D:9      | Reached skill level 5 in Fighting
  6875 | D:9      | Reached ** piety under Vehumet
  6875 | D:9      | Offered knowledge of Poisonous Vapours by Vehumet.
  6888 | D:9      | Killed from afar by an orc priest

Illustrated notes

Levels and vault maps discovered:
D:1:      dpeg_arrival_signposts, layout_loops_cross, minmay_surrounded
D:2:      layout_basic
D:3:      minmay_spotlight, layout_basic, serial_bayou, serial_bayou_ford_a,
          serial_bayou_lagoon_b, serial_bayou_crossing, serial_bayou_shore_b,
          grunt_ministairs_3, uniq_crazy_yiuf_cottage
D:4:      layout_cave_pods, minmay_temple_entry_butterflies,
          nicolae_ossuary_entry_monument, nicolae_shop_sticking_my_neck_out
D:5:      layout_gridville, nzn_wu_jian_council_hall, serial_demonic,
          serial_demonic_e, serial_demonic_g, serial_demonic_c,
          serial_demonic_g, serial_demonic_d, serial_demonic_g, uniq_eustachio
D:6:      layout_basic, mainiacjoe_overflow_tiny_flanked,
          mainiacjoe_overflow_concentric_impassable, hex_large, minmay_bent
D:9:      layout_irregular_city, fedhas_altar_fruit_tree, enter_bailey_6,
          minmay_tree_intersection, nicolae_zen_rock_garden
Temple:   nicolae_temple_ecumenical_triangle

Skill      XL: |  1  2  3  4  5  6  7  8  9 |
---------------+----------------------------+-----
Fighting       | 1 2 3 4 5 |  5.1
Spellcasting   | 4 5 6 8 |  8.7
Conjurations   | 5 6 8 |  8.2
Hexes          | 2 3 4 6 7 |  7.1
Dodging        | |  2.4
Stealth        | |  2.4

Action                     |  1- 3 |  4- 6 |  7- 9 || total
---------------------------+-------+-------+-------++-------
  Melee: Unarmed           |    11 |     2 |       ||    13
         Dagger            |       |     3 |    10 ||    13
         Punch             |       |     1 |       ||     1
         Kick              |       |       |     4 ||     4
   Cast: Magic Dart        |    70 |    93 |   125 ||   288
         Searing Ray       |       |     9 |     6 ||    15
         Fulminant Prism   |       |     8 |    14 ||    22
    Use: Scroll            |       |     8 |     4 ||    12
         Potion            |       |     5 |       ||     5
   Stab: Sleeping          |       |     1 |       ||     1
 Armour: Robe              |     6 |    14 |    52 ||    72
  Dodge: Dodged            |     7 |    11 |    46 ||    64

Table legend: (Time is in decaauts)
 A = Elapsed time spent in this place.
 B = Non-inter-level travel time spent in this place.
 C = Inter-level travel time spent in this place.
 D = Time resting spent in this place.
 E = Time spent auto-exploring this place.
 F = Levels seen in this place.
 G = Mean time per level.
                   A        B        C        D        E       F      G
               +--------+--------+--------+--------+--------+-----+--------+
         Total |   6918 |   6652 |    266 |    391 |   5281 |   9 |  768.7 |
       Dungeon |   6575 |   6326 |    249 |    266 |   5251 |   7 |  939.3 |
        Temple |     18 |      1 |     17 |      0 |      0 |   1 |   18.0 |
       Ossuary |    323 |    323 |      0 |    125 |     30 |   1 |  323.0 |
               +--------+--------+--------+--------+--------+-----+--------+

Top non-repeatable levels by time:
     D:3: 1394 daAuts
     D:5: 1174 daAuts
     D:4: 1142 daAuts
     D:2: 1049 daAuts
     D:1: 1047 daAuts
     D:9: 549 daAuts
 Ossuary: 323 daAuts
     D:6: 217 daAuts
  Temple: 18 daAuts
